 Dungeon Crawl Stone Soup version 0.30-a0-385-gfebfb9b408 (webtiles) character file.

Game seed: 5942593219505210536

63 pokeman the Magician (level 3, 0/20 HPs)
             Began as a Deep Elf Hedge Wizard on Dec 3, 2022.
             Succumbed to an adder's poison
             ... on level 2 of the Dungeon.
             The game lasted 00:03:11 (1458 turns).

pokeman the Magician (Deep Elf Hedge Wizard)        Turns: 1458, Time: 00:03:12

Health: 0/20       AC:  3    Str: 13    XL:     3   Next: 87%
Magic:  0/11       EV: 12    Int: 20    God:
Gold:   86         SH:  0    Dex: 14    Spells: 0/12 levels left

rFire   . . .      SeeInvis .    g - +0 mace
rCold   . . .      Faith    .    (no shield)
rNeg    . . .      Spirit   .    b - +0 robe
rPois   .          Reflect  .    c - +0 hat
rElec   .          Harm     .    (no cloak)
rCorr   .          Rampage  .    (no gloves)
Will    .....                    e - +0 pair of boots
Stlth   ++........               (no amulet)
HPRegen 0.23/turn                f - +6 ring of strength
MPRegen 0.12/turn                (no ring)

@: lethally poisoned (0 -> -1)
A: no striking features
a: no special abilities


You were on level 2 of the Dungeon.
You visited 1 branch of the dungeon, and saw 2 of its levels.

You collected 86 gold pieces.

Inventory:

Hand Weapons
 g - a +0 mace (weapon)
Armour
 b - a +0 robe (worn)
 c - a +0 hat (worn)
 e - a +0 pair of boots (worn)
Magical Staves
 a - a staff of cold
Jewellery
 f - a +6 ring of strength (left hand)
Scrolls
 i - a scroll of acquirement {unknown}
Potions
 d - a potion of magic
 h - a potion of degeneration {unknown}


   Skills:
 - Level 1.0 Fighting
 - Level 1.0 Armour
 + Level 2.6 Dodging
 + Level 2.5 Stealth
 * Level 5.4 Spellcasting
 + Level 2.0 Conjurations
 - Level 1.1 Summonings
 - Level 1.1 Translocations


You couldn't memorise any spells.
You knew the following spells:

 Your Spells              Type           Power      Damage    Failure   Level
a - Magic Dart            Conj           52%        1d5       4%          1
b - Mephitic Cloud        Conj/Pois/Air  8%         N/A       26%         3
c - Call Imp              Summ           9%         N/A       11%         2
d - Blink                 Tloc           18%        N/A       11%         2
e - Shock                 Conj/Air       36%        1d5       8%          1
f - Swiftness             Air            5%         N/A       32%         3

Your spell library contained the following spells:

 Spells                   Type           Power      Damage    Failure   Level
 Slow                     Hex            20%        N/A       11%         1
 Cigotuvi's Dreadful Rot  Necr/Pois/Air  10%        N/A       17%         2
 Call Canine Familiar     Summ           9%         N/A       22%         3
 Portal Projectile        Hex/Tloc       14%        N/A       26%         3
 Summon Lightning Spire   Summ/Air       7%         N/A       65%         4
 Airstrike                Air            2%         2d(1-17)  73%         4
 Leda's Liquefaction      Hex/Erth       2%         N/A       73%         4
 Lightning Bolt           Conj/Air       4%         1d16      90%         5


Dungeon Overview and Level Annotations

Branches:
Dungeon (2/15)

Altars:


Message History

The dart slug launches a dart at you. The slug dart hits you.
An adder comes into view.
The dart slug launches a dart at you. The slug dart hits you.
The dart slug launches a dart at you. The slug dart misses you.
The dart slug bites you but does no damage.
The adder hisses angrily.
You sock the dart slug!
The dart slug is severely wounded.
You barely miss the dart slug.
The dart slug is severely wounded.
The dart slug launches a dart at you. The slug dart hits you.
Your magical contamination has completely faded away.
You hit the dart slug but do no damage.
The dart slug is severely wounded.
The dart slug closely misses you. The adder closely misses you.
You closely miss the adder. The adder bites you but does no damage.
The dart slug barely misses you.
You hit the dart slug.
You kill the dart slug!
The adder bites you.
You are poisoned.
The adder poisons you! The adder closely misses you.
You closely miss the adder.
You feel sick. The adder bites you.
* * * LOW HITPOINT WARNING * * *
A goblin comes into view. It is wielding a +0 club.
The adder barely misses you.
Unknown command.
Casting: Magic Dart (safe; 4% risk of failure)
Confirm with . or Enter, or press ? or * to list all spells.
A beastly little devil appears in a puff of flame.
The goblin shouts!
You feel sick. The adder barely misses you.
Unknown command.
The adder attacks as you move away! The adder bites you.
* * * LOW HITPOINT WARNING * * *
You die...

#.#...........#
###.######......# #
##...#...##......# #
##.........#.#..#.###
#....................
#...............#.###
#.†...........###.# #
..###...5............# #
#......@.#...........###
.................###..#
....###)S#....#### ##.#
.... .......<# #.## $..
..#.#...## #..# ..
.##......#########.. ..
..............#### ..
......g.......# # ..
###...........# #


You could see an adder (ally target), a goblin and a friendly crimson imp
(summoned).

Vanquished Creatures
  An adder (D:2)
  3 dart slugs
  2 bats (D:1)
  6 endoplasms
  5 giant cockroaches (D:1)
  A goblin (D:2)
  2 hobgoblins (D:1)
  6 jackals (D:1)
  2 quokkas
  4 frilled lizards (D:1)
  9 rats (D:1)
41 creatures vanquished.

Vanquished Creatures (collateral kills)
  A worm (D:1)
1 creature vanquished.

Vanquished Creatures (others)
  10 plants (D:1)
10 creatures vanquished.

Grand Total: 52 creatures vanquished

Notes
Turn   | Place    | Note
-------+----------+-------------------------------------------
     0 | D:1      | pokeman the Deep Elf Hedge Wizard began the quest for the
                  | Orb.
     0 | D:1      | Reached XP level 1. HP: 10/10 MP: 7/7
     1 | D:1      | Found a runed translucent door.
   311 | D:1      | Reached XP level 2. HP: 15/15 MP: 5/9
   891 | D:1      | Reached skill level 5 in Spellcasting
  1155 | D:2      | Reached XP level 3. HP: 20/20 MP: 5/11
  1159 | D:2      | Learned a level 3 spell: Mephitic Cloud
  1162 | D:2      | Learned a level 2 spell: Call Imp
  1165 | D:2      | Learned a level 2 spell: Blink
  1186 | D:2      | Learned a level 1 spell: Shock
  1190 | D:2      | Learned a level 3 spell: Swiftness
  1212 | D:1      | Reached skill level 1 in Armour
  1256 | D:1      | Reached skill level 1 in Fighting
  1458 | D:2      | HP: 1/20 [adder (3)]
  1458 | D:2      | Succumbed to an adder's poison

Illustrated notes

Levels and vault maps discovered:
D:1:      dpeg_arrival_caged_fury, layout_rooms, serial_bayou,
          serial_bayou_ford_a, serial_bayou_shore_a, serial_bayou_pond_e,
          serial_bayou_pond_e, serial_bayou_lagoon_a, st_stairs_1
D:2:      minmay_angry_zag, layout_rooms, uniq_jessica

Skill      XL: |  1  2  3 |
---------------+----------+-----
Spellcasting   | 5 |  5.4
Armour         | 1 |  1.0
Fighting       | 1 |  1.0
Conjurations   | 2 |  2.0
Dodging        | |  2.6
Stealth        | |  2.5
Summonings     | |  1.1
Translocations | |  1.1

Action                   || total
-------------------------++-------
Melee: Mace              ||    13
 Cast: Magic Dart        ||    76
       Shock             ||     9
       Call Imp          ||     3
       Mephitic Cloud    ||     1
 Stab: Confused          ||     1
Armor: Robe              ||     5
Dodge: Dodged            ||    21

Table legend: (Time is in decaauts)
 A = Elapsed time spent in this place.
 B = Non-inter-level travel time spent in this place.
 C = Inter-level travel time spent in this place.
 D = Time resting spent in this place.
 E = Time spent auto-exploring this place.
 F = Levels seen in this place.
 G = Mean time per level.
                   A        B        C        D        E       F      G
               +--------+--------+--------+--------+--------+-----+--------+
         Total |   1485 |   1466 |     19 |     10 |   1193 |   2 |  742.5 |
       Dungeon |   1485 |   1466 |     19 |     10 |   1193 |   2 |  742.5 |
               +--------+--------+--------+--------+--------+-----+--------+

Top non-repeatable levels by time:
     D:1: 1327 daAuts
     D:2: 158 daAuts
